 Dungeon Crawl Stone Soup version 0.32-a0-986-ga09f62fbf4 (webtiles) character file.

Game seed: 3104461559431051722

85 GiantSquids the Changeling (level 4, 0/28 HPs)
             Began as an Octopode Shapeshifter on Apr 22, 2024.
             Killed from afar by an orc wizard (10 damage)
             ... with a puff of flame
             ... on level 3 of the Dungeon.
             The game lasted 00:02:44 (1189 turns).

GiantSquids the Changeling (Octopode Shapeshifter)  Turns: 1189, Time: 00:02:45

Health: 0/28       AC:  1    Str: 15    XL:     4   Next: 48%
Magic:  4/4        EV: 12    Int: 12    God:
Gold:   61         SH:  0    Dex: 11    Spells: 3/3 levels left

rFire   . .          .
                       - Unarmed
rCold   . . .        (no shield)
rNeg    . . .        (helmet currently unavailable)
rPois   .            (no amulet)
rElec   .            (no ring)
rCorr   .            (no ring)
SInv    .            (no ring)
Will    .....        (no ring)
Stlth   +++          (no ring)
HPRegen 0.24/turn    (no ring)
MPRegen 0.09/turn    (no ring)
                     (no ring)

%: no passive effects
@: beast-form
A: beast (slay +2), almost no armour, amphibious, 8 rings, camouflage 1,
gelatinous body 1, (nimble swimmer 1), tentacles
a: Begin Untransformation, Convert to Beogh


You were on level 3 of the Dungeon.
You were a hulking beast.
You visited 1 branch of the dungeon, and saw 3 of its levels.

You collected 61 gold pieces.

Inventory:

Missiles
 d - 22 stones (quivered)
Talismans
 b - a beast talisman (active)
 c - a flux talisman
Potions
 a - 2 potions of lignification
 e - a potion of berserk rage {unknown}
 f - a potion of brilliance {unknown}
 g - a potion of enlightenment {unknown}
 h - a potion of magic {unknown}


   Skills:
 - Level 1.0 Fighting
 - Level 2.0 Dodging
 + Level 3.1 Stealth
 - Level 3.0 Unarmed Combat
 * Level 4.3 Shapeshifting


You had 3 spell levels left.
You didn't know any spells.
Your spell library contained the following spells:

 Spells                   Type           Power      Damage    Failure   Level
 Slow                     Hex            0%         N/A       32%         1
 Confusing Touch          Hex            0%         N/A       69%         3
 Vampiric Draining        Necr           0%         2d6       69%         3


Dungeon Overview and Level Annotations

Branches:
Dungeon (3/15)

Altars:


Innate Abilities, Weirdness & Mutations

You are a hulking beast.
Your limbs bulge with bestial killing power. (Slay +2)
You cannot wear most types of armour.
You are amphibious.
You can wear up to eight rings at the same time.
Your skin changes colour to match your surroundings (Stealth+).
Your rubbery body absorbs attacks. (AC +1, EV +1)
((You are camouflaged when in or above water. (Stealth+)))
You have tentacles for arms and can constrict up to eight enemies at once.


Message History

You miss something. Something hits you.
You barely miss something. You tentacle-slap something.
Reactivating autopickup.
You feel a bit more experienced.
Your Stealth skill increases to level 3!
You have reached level 4!
You tentacle-slap the orc. You grab the orc.
The orc is moderately wounded.
You constrict the orc. The orc hits you with a +0 hand axe.
You tentacle-slap the orc.
You kill the orc!
Items here: )))) [[[ †††.
Okay, then.
A goblin comes into view.
It is wielding a +0 dagger of electrocution.
An orc wizard comes into view. It is wielding a +0 dagger.
You catch the helpless goblin completely off-guard!
You tentacle-slap the goblin.
You kill the goblin!
An orc comes into view. It is wielding a +0 hand axe.
The orc wizard shouts!
You hear a shout! x2
An orc priest comes into view. It is wielding a +0 mace.
A kobold comes into view. It is wielding a +0 club.
The orc moves out of view.
You hear a shout!
An orc comes into view. It is wielding a +0 club.
You tentacle-slap the orc wizard. You grab the orc wizard.
You squeeze the orc wizard.
The orc wizard is moderately wounded.
You constrict the orc wizard.
The orc priest calls down the wrath of Beogh upon you.
Beogh smites you!
The orc wizard hits you with a +0 dagger.
The orc priest shouts, "Beogh offers mercy even to people such as you.
Join us and be reborn!" (press Y on the ability menu to convert to Beogh)
You release your grip on the orc wizard.
The orc wizard attacks as it pursues you!
The orc wizard hits you with a +0 dagger.
The orc wizard casts a spell at you. The puff of flame hits you!
You die...

...#########.# .
#)####.# #.##...#
### #.##...# .#...
#.##...#
.....##.##...
......#.##.# .#
...........###...#.
........h.o.Kooo...
.......>#.#########
......###.# ######
... #..## #..# #..#
#..#


You could see an orc priest, an orc wizard, 2 orcs and a kobold.

Vanquished Creatures
  An orc wizard (D:3)
  2 adders (D:2)
  A ribbon worm (D:3)
  4 orcs (D:3)
  3 ball pythons
  3 bats
  4 endoplasms
  3 giant cockroaches (D:2)
  3 hobgoblins
  A kobold (D:2)
  2 quokkas (D:2)
  2 frilled lizards
  A goblin (D:3)
  A rat (D:2)
31 creatures vanquished.

Notes
Turn   | Place    | Note
-------+----------+-------------------------------------------
     0 | D:1      | GiantSquids the Octopode Shapeshifter began the quest for
                  | the Orb.
     0 | D:1      | Reached XP level 1. HP: 13/13 MP: 1/1
   171 | D:1      | Reached skill level 1 in Stealth
   373 | D:1      | Reached XP level 2. HP: 18/18 MP: 2/2
   512 | D:2      | Reached XP level 3. HP: 23/23 MP: 3/3
   845 | D:2      | Identified the +1 short sword "Moti" {flame, rF+ Will+}
   993 | D:2      | Found a faded altar of an unknown god.
  1110 | D:3      | Reached skill level 4 in Shapeshifting
  1150 | D:3      | Reached XP level 4. HP: 14/28 MP: 4/4
  1189 | D:3      | Killed from afar by an orc wizard

Illustrated notes

Levels and vault maps discovered:
D:1:      reono_arrival_mine, layout_rooms, kennysheep_nondescript
D:2:      layout_loops_ring, hellmonk_ecumenical_altar_leap_of_faith
D:3:      layout_basic, nicolae_qazlal_eye_of_the_storm

Skill      XL: |  1  2  3 |
---------------+----------+-----
Stealth        | 1 2 3 |  3.1
Shapeshifting  | 4 |  4.3
Fighting       | |  1.0
Dodging        | |  2.0
Unarmed Combat | |  3.0

Action                     |  1- 3 |  4- 6 || total
---------------------------+-------+-------++-------
  Melee: Unarmed           |    49 |     4 ||    53
         Constrict         |    13 |     2 ||    15
         Tentacles         |    11 |     1 ||    12
         Punch             |     1 |       ||     1
   Stab: Sleeping          |     9 |       ||     9
         Distracted        |       |     1 ||     1
 Armour: Skin              |    13 |     4 ||    17
  Dodge: Dodged            |    26 |       ||    26

Table legend: (Time is in decaauts)
 A = Elapsed time spent in this place.
 B = Non-inter-level travel time spent in this place.
 C = Inter-level travel time spent in this place.
 D = Time resting spent in this place.
 E = Time spent auto-exploring this place.
 F = Levels seen in this place.
 G = Mean time per level.
                   A        B        C        D        E       F      G
               +--------+--------+--------+--------+--------+-----+--------+
         Total |   1185 |   1135 |     50 |      0 |    922 |   3 |  395.0 |
       Dungeon |   1185 |   1135 |     50 |      0 |    922 |   3 |  395.0 |
               +--------+--------+--------+--------+--------+-----+--------+

Top non-repeatable levels by time:
     D:2: 667 daAuts
     D:1: 433 daAuts
     D:3: 84 daAuts
